 Seeded DCSS version 0.30.1-4-g462c640d31 (webtiles) character file.

Game seed: 6351066067085065685 (custom seed)

3392 Esekla the Thaumaturge (level 9, -4/45 HPs)
             Began as a Deep Elf Wanderer on Sept 6, 2023.
             Was a Priest of Vehumet.
             Killed by divine providence
             ... invoked by an orc priest
              (13 damage)
             ... on level 8 of the Dungeon.
             The game lasted 01:13:27 (8451 turns).

Esekla the Thaumaturge (Deep Elf Wanderer)          Turns: 8451, Time: 01:13:27

Health: -4/45      AC:  6    Str: 11    XL:     9   Next: 75%
Magic:  27/28      EV: 12    Int: 23    God:    Vehumet [***...]
Gold:   450        SH:  4    Dex: 11    Spells: 24/34 levels left

rFire   . . .        c - +4 scimitar
rCold   . . .        d - +0 buckler
rNeg    . . .        z - +0 robe
rPois   .            I - +1 helmet
rElec   .            G - +0 cloak
rCorr   .            m - +0 pair of gloves
SInv    .            (no boots)
Will    .....        C - amulet of magic regeneration
Stlth   ++           (no ring)
HPRegen 0.27/turn    (no ring)
MPRegen 0.61/turn

%: no passive effects
@: no status effects
A: no striking features
a: Renounce Religion


You were on level 8 of the Dungeon.
You worshipped Vehumet.
Vehumet was most pleased with you.
You visited 1 branch of the dungeon, and saw 8 of its levels.

You collected 450 gold pieces.

Inventory:

Hand Weapons
 a - a +2 vampiric dagger
 c - a +4 scimitar (weapon)
 r - a +4 trident of venom
 s - the +5 rapier of the Hero {heavy, rN+ Dex+3}
   (You found it on level 3 of the Dungeon)

   Dex:       It affects your dexterity (+3).
   rN:        It protects you from negative energy.
Missiles
 x - 19 poisoned darts (quivered)
 E - 5 curare-tipped darts
Armour
 d - a +0 buckler (worn)
 m - a +0 pair of gloves (worn)
 z - a +0 robe (worn)
 G - a +0 cloak (worn)
 I - a +1 helmet (worn)
Jewellery
 C - an amulet of magic regeneration (around neck)
Wands
 g - a wand of mindburst (8)
 h - a wand of roots (16)
 D - a wand of flame (9)
Scrolls
 f - a scroll of fear
 o - a scroll of enchant armour {unknown}
 p - 2 scrolls of amnesia {unknown}
 q - 3 scrolls of enchant weapon {unknown}
 t - 3 scrolls of noise {unknown}
 w - 4 scrolls of blinking
 y - 2 scrolls of fog
 A - a scroll of silence {unknown}
 B - a scroll of magic mapping
 F - 2 scrolls of teleportation
 H - 2 scrolls of poison {unknown}
Potions
 b - 2 potions of lignification
 e - 3 potions of ambrosia {unknown}
 i - 2 potions of haste
 j - 6 potions of curing
 k - a potion of mutation
 n - 6 potions of attraction {unknown}
 u - 2 potions of heal wounds
 v - 2 potions of brilliance


   Skills:
 + Level 3.5 Short Blades
 + Level 0.2(1.9) Long Blades
 + Level 2.4 Throwing
 + Level 3.2 Dodging
 + Level 3.2 Stealth
 + Level 1.8 Shields
 * Level 13.1 Spellcasting
 + Level 1.2 Conjurations
 * Level 8.5 Necromancy
 + Level 3.5 Translocations
 + Level 1.2 Invocations
 + Level 0.9 Evocations


You had 24 spell levels left.
You knew the following spells:

 Your Spells              Type           Power      Damage    Failure   Level
a - Magic Dart            Conj           80%        1d7       1%          1
b - Blink                 Tloc           62%        N/A       2%          2
d - Vampiric Draining     Necr           53%        2d9       1%          3
p - Apportation           Tloc           62%        N/A       1%          1
t - Teleport Other        Tloc           31%        N/A       4%          3

Your spell library contained the following spells:

 Spells                   Type           Power      Damage    Failure   Level
 Fulminant Prism          Conj/Hex       9%         3d7       12%         4
 Lesser Beckoning         Tloc           62%        N/A       2%          2
 Gell's Gravitas          Tloc           31%        N/A       4%          3
 Ignite Poison            Fire/Tmut/Pois 15%        N/A       5%          3
 Spider Form              Tmut/Pois      15%        N/A       19%         3
 Cause Fear               Hex            7%         N/A       52%         4
 Summon Mana Viper        Hex/Summ       15%        N/A       86%         5


Dungeon Overview and Level Annotations

Branches:
Dungeon (8/15)             Temple (0/1) D:6
   Lair: D:8-11

Altars:
Dithmenos
Fedhas
Hepliaklqana
Okawaru
Qazlal
Trog
Uskayaw
Vehumet
Zin
The Shining One

Shops:
D:2 =   D:4 (

Annotations:
D:2 black bear


Message History

As you read the scroll labelled LIXOR VONLAKI, it crumbles to dust.
It was a scroll of blinking.
Found 7 stones.
An orc comes into view. It is wielding a +0 falchion.
An orc comes into view. It is wielding a +0 mace.
A shadow imp and 2 orc priests come into view.
The orc priest mumbles some strange prayers to Beogh against you.
Beogh smites you!
A shadow imp comes into view.
The orc shouts! x2; The orc priest shouts!
The shadow imp shouts!
The orc priest invokes the aid of Beogh against you.
Beogh smites you!
The orc priest miscasts a cantrip.
There is an open door here.
The orc attacks as you move away! The orc closely misses you.
Casting: Vampiric Draining (safe; 1% risk of failure)
Confirm with . or Enter, or press ? or * to list all spells.
Aiming: Vampiric Draining (safe; 1% risk of failure)
Press: ? - help, Shift-Dir - straight line, f - orc
Aim: an orc, wielding a +0 falchion You draw life force from the orc!
You kill the orc!
Vehumet accepts your kill.
You feel your power returning.
You feel life coursing into your body.
Casting: Vampiric Draining (safe; 1% risk of failure)
Confirm with . or Enter, or press ? or * to list all spells.
Aiming: Vampiric Draining (safe; 1% risk of failure)
Press: ? - help, Shift-Dir - straight line, f - orc
Aim: an orc, wielding a +0 mace You draw life force from the orc!
You kill the orc!
Vehumet accepts your kill.
You feel your power returning.
You feel life coursing into your body.
The shadow imp lashes its tail.
The orc priest mumbles some strange prayers to Beogh against you.
Beogh smites you!
* * * LOW HITPOINT WARNING * * *
The orc priest calls down the wrath of Beogh upon you.
Beogh smites you!
You die...

#..P♣. #.....######### ######
#.....##......# #....#
#.P....#......# #.##.###
#...o.#......# ###.##....
#.....#......# #...######
#######.....#......#####.######
...........Do.5.@............>#
#.........o.#......##########.#
........#####...........)...# #
..#.....# #####.#########.#.##
#.....# ...# #........#
...##.######
#..o.....#....D...# o5
#......♣..♣.o.###..........#
##......###.. ..5.#
#..........# ###(#......
.......#..........#


You could see a steam dragon, 2 orc priests and a shadow imp.

Vanquished Creatures
  Pikel (D:6)
  Joseph (D:7)
  A wyvern (D:7)
  Menkaure (D:7)
  An ice beast (D:6)
  A sky beast (D:6)
  2 black bears
  2 ogres
  A centaur (D:7)
  A phantom (D:7)
  Blork the orc (D:6)
  2 kobold brigands
  2 gnoll sergeants (D:7)
  A bullfrog (D:7)
  2 scorpions (D:5)
  3 wights (D:7)
  A gnoll bouda (D:3)
  6 hounds
  A jelly (D:6)
  Crazy Yiuf (D:7)
  A sleepcap (D:5)
  5 iguanas
  3 orc wizards
  21 gnolls
  9 adders
  4 white imps
  4 ufetubi
  A worm (D:4)
  3 dart slugs
  22 orcs
  4 endoplasms
  8 goblins
  5 hobgoblins
  A quokka (D:1)
  6 ball pythons
  4 bats
  4 frilled lizards
  14 kobolds
  A rat (D:2)
152 creatures vanquished.

Notes
Turn   | Place    | Note
-------+----------+-------------------------------------------
     0 | D:1      | Esekla the Deep Elf Wanderer began the quest for the Orb.
     0 | D:1      | Esekla set off with the following items: a +0 club, a
                  | potion of lignification, a +0 robe, a +0 buckler; and the
                  | following spells available to memorise: Apportation, Blink,
                  | Lesser Beckoning, Magic Dart, Ignite Poison, Vampiric
                  | Draining.
     0 | D:1      | Reached XP level 1. HP: 10/10 MP: 7/7
   174 | D:2      | Found Renulab's Jewellery Shop.
   278 | D:2      | Learned a level 1 spell: Apportation
   280 | D:2      | Learned a level 1 spell: Magic Dart
   396 | D:2      | Reached skill level 5 in Spellcasting
   396 | D:2      | Reached XP level 2. HP: 4/15 MP: 10/10
   399 | D:2      | Learned a level 2 spell: Blink
   544 | D:4      | Found a radiant altar of Vehumet.
   555 | D:4      | Found an iron altar of Okawaru.
   564 | D:4      | Found a glowing silver altar of Zin.
   672 | D:4      | Became a worshipper of Vehumet
   916 | D:3      | Reached skill level 1 in Necromancy
  1055 | D:5      | Entered Level 5 of the Dungeon
  1156 | D:4      | Found Ponaysk's Antique Weapon Boutique.
  1306 | D:4      | Found a glowing golden altar of the Shining One.
  1446 | D:2      | Noticed a black bear
  1485 | D:1      | Reached XP level 3. HP: 7/19 MP: 5/11
  1518 | D:2      | Learned a level 3 spell: Vampiric Draining
  1636 | D:3      | Identified the +5 rapier of the Hero {heavy, rN+ Dex+3}
  1718 | D:3      | Reached * piety under Vehumet
  1718 | D:3      | Offered knowledge of Foxfire by Vehumet.
  1943 | D:3      | Found a stormy altar of Qazlal.
  2028 | D:3      | Found a bloodstained altar of Trog.
  2043 | D:3      | Reached XP level 4. HP: 24/24 MP: 9/13
  2076 | D:3      | Found a hazy altar of Hepliaklqana.
  2232 | D:1      | Reached skill level 6 in Spellcasting
  2765 | D:2      | Found a faded altar of an unknown god.
  3108 | D:1      | Reached skill level 1 in Dodging
  3139 | D:2      | Reached XP level 5. HP: 16/28 MP: 2/15
  3458 | D:3      | Learned a level 3 spell: Teleport Other
  3501 | D:3      | Reached skill level 7 in Spellcasting
  3678 | D:5      | Reached XP level 6. HP: 29/32 MP: 9/18
  3721 | D:5      | Offered knowledge of Momentum Strike by Vehumet.
  3727 | D:5      | HP: 1/32 [iguana (7)]
  3871 | D:4      | Reached ** piety under Vehumet
  3996 | D:5      | Got the Parchment of the Lumpy Olives
  4117 | D:5      | Found a shadowy altar of Dithmenos.
  4176 | D:5      | Reached skill level 8 in Spellcasting
  4283 | D:6      | Noticed an ice beast
  4834 | D:2      | Reached XP level 7. HP: 33/36 MP: 16/20
  4950 | D:5      | Reached skill level 1 in Short Blades
  4950 | D:5      | Reached skill level 1 in Throwing
  5371 | D:5      | Reached skill level 9 in Spellcasting
  5371 | D:5      | Reached skill level 5 in Necromancy
  5540 | D:6      | Reached skill level 1 in Conjurations
  5646 | D:6      | Noticed Pikel
  5875 | D:6      | Reached XP level 8. HP: 30/41 MP: 20/23
  6010 | D:6      | Found a staircase to the Ecumenical Temple.
  6084 | D:6      | Noticed Blork the orc
  6148 | D:6      | Killed Blork the orc
  6149 | D:6      | Reached skill level 10 in Spellcasting
  6417 | D:7      | Found a runed translucent door.
  6418 | D:7      | Noticed Crazy Yiuf
  6425 | D:7      | Killed Crazy Yiuf
  6468 | D:7      | Offered knowledge of Stone Arrow by Vehumet.
  6578 | D:7      | Noticed Menkaure
  6585 | D:7      | Killed Menkaure
  6880 | D:7      | Reached skill level 11 in Spellcasting
  7163 | D:7      | Reached XP level 9. HP: 45/45 MP: 26/26
  7363 | D:7      | Noticed Joseph
  7562 | D:6      | Reached *** piety under Vehumet
  7584 | D:6      | Found a blossoming altar of Fedhas.
  7841 | D:6      | Killed Pikel
  7842 | D:6      | Reached skill level 12 in Spellcasting
  7942 | D:8      | Noticed a two-headed ogre
  8075 | D:7      | Killed Joseph
  8175 | D:8      | Reached skill level 13 in Spellcasting
  8175 | D:8      | Offered knowledge of Fulminant Prism by Vehumet.
  8283 | D:8      | Found a hide-covered altar of Uskayaw.
  8451 | D:8      | Killed from afar by an orc priest

Illustrated notes

Levels and vault maps discovered:
D:1:      sevenhm_arrival_forest_fort_small_3, layout_rooms,
          chequers_serial_rivers_room_b, minmay_misc_feat_five
D:2:      layout_loops_ring, dreamdust_ecumenical_altar_angels_and_demons,
          serial_shops, shop
D:3:      layout_basic, grunt_temple_overflow_open, minmay_misc_feat_iff
D:4:      layout_basic, nicolae_overflow_quartered_altars, serial_shops,
          nicolae_diamond_shop
D:5:      layout_loops_ring, lemuel_doored_altar, minmay_misc_feat_rows,
          dreamdust_wishing_well
D:6:      layout_loops_cross, fedhas_altar_fruit_tree,
          minmay_temple_entry_glass, uniq_pikel, uniq_blork_the_orc
D:7:      layout_basic, uniq_menkaure, uniq_joseph, uniq_crazy_yiuf_cottage
D:8:      layout_basic, nicolae_uskayaw_dance_hall, serial_demonic,
          serial_demonic_d, serial_demonic_a, serial_demonic_c,
          serial_demonic_c, nicolae_diode_quadrants

Skill      XL: |  1  2  3  4  5  6  7  8  9 |
---------------+----------------------------+-----
Spellcasting   | 5 6 7 8 9 11 13 | 13.1
Necromancy     | 1 2 3 4 5 6 8 |  8.5
Dodging        | 1 2 3 |  3.2
Stealth        | 2 3 |  3.2
Short Blades   | 1 3 |  3.5
Throwing       | 1 2 |  2.4
Conjurations   | 1 |  1.2
Translocations | 3 |  3.5
Long Blades    | |  0.2
Shields        | |  1.8
Invocations    | |  1.2
Evocations     | |  0.9

Action                     |  1- 3 |  4- 6 |  7- 9 || total
---------------------------+-------+-------+-------++-------
  Melee: Short sword       |    53 |    77 |       ||   130
         Club              |     1 |       |       ||     1
         Dagger            |       |    57 |    56 ||   113
         Rapier            |       |     2 |    39 ||    41
         Scimitar          |       |       |    52 ||    52
         Unarmed           |       |       |     3 ||     3
  Throw: Dart              |       |    14 |    42 ||    56
         Throwing net      |       |       |     1 ||     1
   Cast: Apportation       |    16 |       |       ||    16
         Magic Dart        |    30 |    44 |    24 ||    98
         Blink             |     6 |     2 |     6 ||    14
         Vampiric Draining |     2 |    33 |    56 ||    91
         Teleport Other    |       |       |    12 ||    12
  Evoke: Wand              |     1 |       |    12 ||    13
    Use: Scroll            |       |     1 |    10 ||    11
         Potion            |       |       |     1 ||     1
   Stab: Sleeping          |     1 |     4 |     6 ||    11
         Distracted        |       |       |     1 ||     1
 Armour: Robe              |    17 |    33 |    35 ||    85
  Dodge: Dodged            |    28 |    97 |   113 ||   238
  Block: Buckler           |    10 |    28 |    36 ||    74
